[Event "*** Titled Tuesday Blitz"]
[Site "Chess.com"]
[Date "2021.02.02"]
[Round "2"]
[White "ParvizGasimov"]
[Black "mr65"]
[Result "1-0"]
[WhiteElo "2411"]
[BlackElo "2145"]
[TimeControl "180+1"]
[EndTime "10:20:49 PST"]
[Termination "ParvizGasimov won by resignation"]

1. e4 e5 2. Bc4 Nf6 3. d3 Bc5 4. Nf3 Nc6 5. c3 O-O 6. O-O d5 7. exd5 Nxd5 8. a4 a5 9. Re1 Nb6 10. Bb5 Bd6 11. Bxc6 bxc6 12. Nxe5 Qf6 13. d4 c5 14. Nd2 cxd4 15. cxd4 Bb7 16. Ne4 Qf5 17. Ng3 Qf6 18. Qh5 Rfe8 19. Bg5 Qe6 20. Bd2 f6 21.
Nf3 Qf7 22. Qxf7+ Kxf7 23. Nf5 Bb4 24. Bxb4 axb4 25. a5 Nc4 26. Rxe8 Rxe8 27. b3 Nd6 28.
Nxd6+ cxd6 29. a6 Ra8 30. a7 Bxf3 31. gxf3 Ke7 32. Kf1 Kd7 33. Ke2 Kc7 34. Kd3 d5 35.
Ra4 Kc6 36. f4 g6 37. Ke3 Kb6 38. Rxb4+ Kxa7 39. Ra4+ Kb7 40. Rxa8 Kxa8 41. f5 g5 42. f4 gxf4+ 43. Kxf4 Kb7 44. Kg4 Kb6 45. Kh5 Kb5 46.
Kh6 Kb4 47. Kxh7 Kxb3 48. Kg6 Kc4 49. h4 Kxd4 50. h5 Kc3 51. h6 d4 52. h7 d3 53.
h8=Q d2 54. Qd8 Kc2 55. Kxf6 d1=Q 56. Qxd1+ Kxd1 57. Ke7 1-0

[Event "*** Titled Tuesday Blitz"]
[Site "Chess.com"]
[Date "2021.02.02"]
[Round "2"]
[White "elcandado"]
[Black "tk22h"]
[Result "0-1"]
[WhiteElo "2638"]
[BlackElo "2354"]
[TimeControl "180+1"]
[EndTime "10:20:52 PST"]
[Termination "tk22h won by resignation"]

1. d4 Nf6 2. Bf4 d5 3. e3 c5 4. c3 Nc6 5. Nd2 cxd4 6. exd4 g6 7. Bd3 Bg7 8. Ngf3 O-O 9. h3 Bf5 10. Bxf5 gxf5 11. O-O e6 12. Ne5 Ne4 13. Nd3 Qb6 14.
Nf3 Rac8 15. Ng5 Nxg5 16. Bxg5 Rfe8 17. Re1 Qc7 18. Qh5 f6 19. Bf4 Qf7 20. Qh4 e5 21.
Bh2 Qg6 22. Re3 f4 23. Rf3 e4 24. Nxf4 Qg5 25. Qxg5 fxg5 26. Re3 gxf4 27. Bxf4 Rcd8 28. g4 Rd7 29. Bg3 Rf7 30. f4 Nxd4 31. Kg2 Nc6 32. Rd1 d4 33. cxd4 Bxd4 34. Rb3 e3 35. f5 Bb6 36.
Re1 Re4 37. Kf3 Rc4 38. Rd3 h5 39.
Bf4 Nd4+ 40. Kg3 Nc2 41. Rc1 h4+ 42. Kf3 e2 43. Rxc2 e1=Q 44. Rxc4 Qf1+ 45. Ke4 Re7+ 46. Be5 Qg2+ 47. Rf3 Qe2+ 48. Kf4 Qxc4+ 49. Kg5 Bd8 50. f6 Rg7+ 51. Kf5 Qc8+ 52. Kf4 Bxf6 53. Bxf6 Qc4+ 54. Kf5 Rf7 55. g5 Rxf6+ 56. gxf6 Qxa2 57. Rf4 Kf7 58. Re4 Qb1 59. Ke5 b5 60. Rg4 Qxb2+ 61.
Kd5 Qxf6 62. Rxh4 Qxh4 0-1

[Event "*** Titled Tuesday Blitz"]
[Site "Chess.com"]
[Date "2021.02.02"]
[Round "2"]
[White "KononenkoD"]
[Black "Onischuk_V"]
[Result "0-1"]
[WhiteElo "2524"]
[BlackElo "2826"]
[TimeControl "180+1"]
[EndTime "10:20:53 PST"]
[Termination "Onischuk_V won on time"]

1. d4 d6 2. e4 Nf6 3. Nc3 g6 4.
f4 Bg7 5. Nf3 O-O 6. Bd3 Na6 7.
O-O c5 8. d5 Bg4 9. Qe1 Bxf3 10. Rxf3 Nb4 11. a3 Nxd3 12. cxd3 Qb6 13. Kh1 Qb3 14.
Rh3 b5 15. Bd2 Rfc8 16. Nd1 h5 17. Bc3 a5 18. Bxf6 Bxf6 19. Rc1 Qa4 20. Nc3 Qd4 21.
Rc2 Rab8 22. Re2 c4 23. dxc4 Rxc4 24. e5 Bg7 25. Re4 Qc5 26. e6 f5 27. Ree3 b4 28.
axb4 axb4 29. Ne2 Qxd5 30. Rhg3 Kh7 31. Ng1 Rbc8 32. Rd3 Qe4 33. Qf2 Rc2 34. Rd2 Rxd2 35.
Qxd2 Qxe6 36. Re3 Qf7 37. Qe2 Bf6 38. h3 Kg7 39. Nf3 Rc7 40. Re6 Rc1+ 41. Kh2 Rc2 42. Qe3 Rxb2 43. Ng5 Bxg5 44. fxg5 Kf8 45. Qe1 Rc2 46. Re3 Rc4 47. Qe2 Re4 48. Rxe4 fxe4 49. Qxe4 b3 50. Qa8+ Kg7 51. Qa1+ Kh7 52. Qc3 Qd5 53.
Kh1 Qd1+ 54. Kh2 Qd5 55. Kh1 Kg8 56. Qb4 Kf7 57. Kh2 Qe5+ 58. Kh1 b2 59. Qb3+ Kg7 0-1

[Event "*** Titled Tuesday Blitz"]
[Site "Chess.com"]
[Date "2021.02.02"]
[Round "2"]
[White "woodhy"]
[Black "novocane"]
[Result "1-0"]
[WhiteElo "2474"]
[BlackElo "2276"]
[TimeControl "180+1"]
[EndTime "10:20:53 PST"]
[Termination "woodhy won by resignation"]

1. e4 c5 2. Nf3 Nc6 3. d4 cxd4 4. Nxd4 e5 5. Nb5 d6 6. N1c3 a6 7. Na3 Be7 8. Nd5 Nf6 9. Nxf6+ Bxf6 10. Nc4 O-O 11.
Qxd6 Qxd6 12. Nxd6 Nb4 13. Bd3 Rd8 14. Nxc8 Raxc8 15. Bd2 Rxc2 16. Bxc2 Nxc2+ 17. Ke2 Nxa1 18. Rxa1 h6 19. Bc3 Kf8 20. a4 Ke7 21. Ra3 Ke6 22. Rb3 Rd7 23. Rb6+ Ke7 24. f3 h5 25. h3 Kd8 26. f4 Re7 27. Kf3 Rc7 28. fxe5 Be7 29.
e6 Bc5 30. Rb3 fxe6 31. Ba5 b6 32. Bxb6 Bxb6 33. Rxb6 Rc2 34. Rxe6 Rxb2 35. Rxa6 Ke7 36. g4 hxg4+ 37. hxg4 g5 38. Rg6 Rb3+ 39. Kf2 Rb4 40. Rxg5 Rxe4 41. a5 Kf6 42. Rf5+ Kg6 43. Kf3 Ra4 44.
Rb5 Kf6 45. Kg3 Kg6 46. Kh4 Kh6 47. Rb6+ Kg7 48. a6 Ra5 49. g5 Ra1 50. Rb7+ Kg6 51. Rb6+ Kg7 52. Kg4 Rg1+ 53. Kf5 Rf1+ 54. Ke5 Re1+ 55.
Kd6 Rd1+ 56. Kc7 Rg1 57. a7 Ra1 58. Kb8 1-0

[Event "*** Titled Tuesday Blitz"]
[Site "Chess.com"]
[Date "2021.02.02"]
[Round "2"]
[White "klimkoj"]
[Black "sergoy"]
[Result "1/2-1/2"]
[WhiteElo "2569"]
[BlackElo "2869"]
[TimeControl "180+1"]
[EndTime "10:20:54 PST"]
[Termination "Game drawn by repetition"]

1. Nf3 Nf6 2. c4 c6 3. g3 d5 4. cxd5 cxd5 5. Bg2 Nc6 6. d4 Bf5 7. O-O e6 8. Nc3 Be7 9. Nh4 Bg4 10. h3 Bh5 11.
Bg5 O-O 12. g4 Bg6 13. Nxg6 hxg6 14. e3 Rc8 15. Qe2 Na5 16. Rac1 Nc4 17. b3 Nd6 18.
Bxf6 Bxf6 19. Nb5 Qd7 20. Nxd6 Qxd6 21. Qb5 b6 22. Qa4 Rc7 23. Rxc7 Qxc7 24. b4 Rc8 25. Rd1 Be7 26. Bf1 g5 27. Kg2 Bd8 28. Bd3 Qd6 29. Rd2 Bc7 30. Rc2 Qh2+ 31. Kf1 Qxh3+ 32. Ke1 Qxg4 33. Rxc7 Rf8 34. Qd7 Qg1+ 35. Ke2 Qg4+ 36. Kd2 Qf3 37. Ke1 Qh1+ 38. Ke2 g4 39. Rc8 Qf3+ 40.
Ke1 g6 41. Rxf8+ Kxf8 42. Qd8+ Kg7 43. Qh4 Qg2 44. Qg3 Qh1+ 45. Ke2 f5 46. Qe5+ Kf7 47.
Qc7+ Kf6 48. Qd8+ Kf7 49. Qd7+ Kf6 50. Qd8+ Kf7 51. Qd7+ Kf6 52. Qe8 Qf3+ 53. Ke1 Qh1+ 54. Kd2 Qa1 55. Qd8+ Kf7 56. Qd7+ Kf6 57. Qd8+ Kf7 58.
Qd7+ Kf8 59. Qd8+ Kf7 1/2-1/2

[Event "*** Titled Tuesday Blitz"]
[Site "Chess.com"]
[Date "2021.02.02"]
[Round "2"]
[White "petrkostenko"]
[Black "glebus008"]
[Result "1/2-1/2"]
[WhiteElo "2450"]
[BlackElo "2259"]
[TimeControl "180+1"]
[EndTime "10:20:54 PST"]
[Termination "Game drawn by repetition"]

1. e4 c5 2. Nf3 Nc6 3. d4 cxd4 4.
Nxd4 g6 5. c4 Nf6 6. Nc3 Nxd4 7.
Qxd4 d6 8. Be3 Bg7 9. Be2 O-O 10. Qd2 Be6 11. Rc1 Qa5 12. f3 Rfc8 13. b3 a6 14. Na4 Qxd2+ 15. Kxd2 Nd7 16. g4 Rc7 17. g5 Rac8 18. h4 Nc5 19. Nb6 Re8 20. h5 Nd7 21.
h6 Bh8 22. f4 Nxb6 23. Bxb6 Rc6 24. Be3 Rec8 25. Bd3 Bd7 26. a4 R6c7 27. a5 Bb2 28. Rc2 Ba3 29. Bb6 Rc6 30. Kc3 Bc5 31. Bxc5 dxc5 32.
e5 Bf5 33. Bxf5 gxf5 34. Rd1 Kf8 35. Rcd2 R6c7 36. Rd7 Ke8 37. Rxc7 Rxc7 38. b4 cxb4+ 39. Kxb4 Rd7 40. Rd5 Rc7 41. c5 e6 42. Rd6 Ke7 43.
Kc4 Ke8 44. Rb6 Kd7 45. Kd4 Kc8 46. Rd6 Rd7 47. c6 bxc6 48. Kc5 Rc7 49. Rxc6 Kb7 50.
Rxc7+ Kxc7 51. Kd4 Kb7 52. Kc3 Kc7 53. Kb4 Kb7 54.
Kc3 Kc7 55. Kd4 Kb7 56. Kc5 Kc7 57. Kb4 Kb7 58. Kc3 1/2-1/2

[Event "*** Titled Tuesday Blitz"]
[Site "Chess.com"]
[Date "2021.02.02"]
[Round "2"]
[White "TwentyHourADay"]
[Black "seorobert1971"]
[Result "0-1"]
[WhiteElo "2496"]
[BlackElo "2744"]
[TimeControl "180+1"]
[EndTime "10:20:56 PST"]
[Termination "seorobert1971 won by resignation"]

1. Nf3 Nf6 2. g3 d5 3. Bg2 Bf5 4. O-O c6 5. d3 h6 6. Nbd2 e6 7.
c4 Nbd7 8. b3 Be7 9. Bb2 O-O 10.
a3 a5 11. Qc2 Re8 12. Rfe1 Nc5 13. Bc3 Nfd7 14. e4 dxe4 15. dxe4 Bh7 16. b4 axb4 17. axb4 Na6 18. Qb2 Bf8 19. e5 Qc7 20. Ne4 c5 21. b5 Nb4 22. Rad1 Bxe4 23. Rxe4 Nb6 24. Rg4 Na4 25. Qb3 Nxc3 26. Qxc3 Rad8 27. Rxd8 Rxd8 28.
h4 Rd3 29. Qc1 Kh8 30. Qf4 Rd8 31. Ng5 hxg5 32. Qxg5 Rd4 33. Be4 Kg8 34. Qh5 Rxe4 35.
Rxe4 Qd7 36. Qe2 g6 37. h5 Bg7 38. hxg6 fxg6 39. Rg4 Qf7 40. Qe4 Qf5 41. Qe2 Nc2 42. Rf4 Nd4 43. Qe3 Qxe5 44. Re4 Qf5 45. g4 Qf3 46. Qxf3 Nxf3+ 47. Kg2 Nd4 48. f4 Kf7 49. Kg3 Bf6 50. Re1 b6 51. Rh1 Kg7 52. Re1 g5 53. Rh1 Ne2+ 54. Kf3 Nxf4 55. Rd1 Bd4 56. Ke4 Ng6 57. Rxd4 cxd4 58. c5 bxc5 59. b6 Ne7 60. Ke5 d3 61. Kxe6 Nc6 62. Kd6 Nb8 63. Kc7 d2 0-1

[Event "*** Titled Tuesday Blitz"]
[Site "Chess.com"]
[Date "2021.02.02"]
[Round "2"]
[White "VladimirPotkin"]
[Black "awesomevishesh"]
[Result "0-1"]
[WhiteElo "2658"]
[BlackElo "2492"]
[TimeControl "180+1"]
[EndTime "10:20:57 PST"]
[Termination "awesomevishesh won by checkmate"]

1. Nf3 Nf6 2. c4 g6 3. Nc3 Bg7 4. g3 O-O 5. Bg2 d6 6. d4 c6 7.
O-O Bf5 8. Nh4 Be6 9. d5 cxd5 10. cxd5 Bd7 11. Nf3 a5 12. Nd4 Na6 13. Bf4 Rc8 14.
Rc1 Qb6 15. Qd2 Ng4 16. e3 Ne5 17. b3 Nc5 18. Rc2 Ned3 19. Rd1 Nb4 20. Rcc1 Ncd3 21. Rb1 Bxd4 22. exd4 Qxd4 23. Ne2 Qxf2+ 24. Kh1 Rc2 25. Qe3 Rxe2 26. Qf3 Qxf3 27. Bxf3 Nf2+ 28. Kg2 Nxd1+ 29. Bxe2 Nc3 30. Re1 Nc2 31. Rc1 Nxe2 32. Rxc2 Nxf4+ 33. gxf4 Rc8 34. Re2 Kf8 35. Kf2 Bf5 36. Ke3 b5 37. Re1 b4 38. h4 h5 39. Kd4 Rc2 40. Ra1 e6 41. dxe6 fxe6 42. a3 bxa3 43. Rxa3 Rc5 44.
Ra4 Ke7 45. b4 axb4 46. Rxb4 Kf6 47. Rb8 Rd5+ 48. Kc4 Bd3+ 49. Kc3 Kf5 50. Rf8+ Kg4 51. Rf6 Bf5 52. Rf8 Kxf4 53. Kc4 Kg4 54. Ra8 Kxh4 55. Ra1 Kg5 56. Rg1+ Kf6 57. Rf1 h4 58. Rh1 g5 59. Rh2 h3 60. Rh1 g4 61. Ra1 h2 62.
Ra8 g3 63. Rf8+ Ke5 64. Rh8 g2 65. Rxh2 g1=Q 66. Re2+ Kf6 67. Rb2 Qd4+ 68. Kb3 Rb5+ 69. Ka3 Qxb2+ 70. Ka4 Qb4# 0-1

[Event "*** Titled Tuesday Blitz"]
[Site "Chess.com"]
[Date "2021.02.02"]
[Round "2"]
[White "FloMaster111"]
[Black "GregShahade"]
[Result "1/2-1/2"]
[WhiteElo "2483"]
[BlackElo "2678"]
[TimeControl "180+1"]
[EndTime "10:20:57 PST"]
[Termination "Game drawn by repetition"]

1. e4 e5 2. Bc4 Nf6 3. Nf3 Nc6 4. O-O Nxe4 5. Nc3 Nxc3 6. dxc3 f6 7. Nh4 g6 8. f4 Qe7 9. Bd5 d6 10. f5 Qg7 11. Qf3 Bd7 12. Be3 O-O-O 13. Qe4 Kb8 14.
Qa4 a6 15. Qe4 Re8 16. a4 Nd8 17. b4 c6 18. Bb3 d5 19. Qd3 g5 20. Nf3 e4 21.
Qd4 c5 22. Qxd5 Bc6 23. Qc4 exf3 24. b5 Re4 25. Qd3 Qd7 26. Rfd1 Qxd3 27. Rxd3 axb5 28. axb5 Bxb5 29. Rxd8+ Kc7 30. Raa8 Rxe3 31. gxf3 c4 32. Rac8+ Kb6 33. Bxc4 Bxc4 34. Rxc4 Rxf3 35. Kg2 Rf4 36. Rcc8 Rg4+ 37. Kf3 Rf4+ 38. Kg2 Rxf5 39. Rxf8 Rxf8 40.
Rxf8 Rc5 41. Rxf6+ Rc6 42. Rf3 h6 43. Kg3 Rc4 44. Rf6+ Kb5 45. Rxh6 Rxc3+ 46. Kg4 Rxc2 47. Kxg5 b6 48. Rh8 Rg2+ 49. Kf4 Kc4 50. h4 b5 51. h5 b4 52. h6 Kb3 53. Kf3 Rh2 54. Kg3 Rh1 55.
Kg2 Rh5 56. h7 Kb2 57. Kf2 b3 58. Ke2 Rh3 59. Kd2 Kb1 60. Rb8 Rxh7 61. Rxb3+ Ka2 62. Re3 Rh2+ 63. Kc3 Rh8 64. Re5 Rc8+ 65. Kd2 Rd8+ 66. Kc2 Rc8+ 67. Kd2 Rd8+ 68. Kc2 Rc8+ 69. Kd2 1/2-1/2

[Event "*** Titled Tuesday Blitz"]
[Site "Chess.com"]
[Date "2021.02.02"]
[Round "2"]
[White "tsvet2005"]
[Black "karinachess1"]
[Result "1-0"]
[WhiteElo "2689"]
[BlackElo "2477"]
[TimeControl "180+1"]
[EndTime "10:20:58 PST"]
[Termination "tsvet2005 won by resignation"]

1. d4 Nf6 2. c4 e6 3. Nc3 d5 4. cxd5 exd5 5. Bg5 c6 6. e3 Be7 7. Bd3 Nbd7 8. Qc2 h6 9. Bh4 Nh5 10. Bxe7 Qxe7 11. Nge2 Nb6 12. O-O O-O 13. Rae1 Bd7 14. a3 Rae8 15. Ng3 Nxg3 16. hxg3 Qg5 17. Ne2 Nc8 18.
Nf4 Nd6 19. Nh3 Qf6 20. Nf4 Bf5 21. f3 Bxd3 22. Qxd3 Qg5 23. g4 Nc4 24. Rf2 Re7 25. Rfe2 Rfe8 26. Nh3 Qh4 27. Nf2 Nd6 28. e4 dxe4 29.
fxe4 f6 30. Qf3 Nf7 31. Qf4 Qg5 32. Qf3 Nd6 33. g3 c5 34. Nh3 Qg6 35. Nf4 Qg5 36. e5 fxe5 37. Qd5+ Nf7 38. dxc5 exf4 39. Qxg5 Rxe2 40.
Rxe2 Rxe2 41. Qxf4 Rxb2 42. Qb8+ Kh7 43. Qc7 Rb5 44. Qxf7 Rxc5 45. Qxb7 a5 46. Qe4+ Kh8 47. Qe8+ Kh7 48. Qe7 Rg5 49. Qe4+ Kh8 50. Kf2 Kg8 51. Kf3 Kh8 52. Kf4 Kg8 53. Qe8+ Kh7 54. Qd7 Kh8 55. Qd8+ Kh7 56. Qxg5 hxg5+ 57. Kxg5 Kg8 58. Kg6 Kf8 59.
Kh7 Kf7 60. g5 a4 61. g6+ Kf6 62. g4 Kg5 63. Kxg7 Kxg4 64. Kh7 Kf5 65. g7 Kf6 66. g8=Q 1-0

[Event "*** Titled Tuesday Blitz"]
[Site "Chess.com"]
[Date "2021.02.02"]
[Round "2"]
[White "Mazanchenko_Dmitry"]
[Black "Vusatiuk_Vladimir"]
[Result "0-1"]
[WhiteElo "2104"]
[BlackElo "2402"]
[TimeControl "180+1"]
[EndTime "10:20:58 PST"]
[Termination "Vusatiuk_Vladimir won on time"]

1. e4 c5 2. Ne2 e6 3. Nbc3 d6 4. d4 cxd4 5. Nxd4 Nf6 6. Be3 a6 7.
f3 b5 8. Qd2 Bb7 9. O-O-O Qc7 10. Bxb5+ axb5 11. Ndxb5 Qd7 12. Bb6 Na6 13. Nxd6+ Bxd6 14.
Qxd6 Qxd6 15. Rxd6 Nd7 16. Rhd1 Nxb6 17. Rxb6 Bc8 18.
e5 O-O 19. a3 Rb8 20. Rxb8 Nxb8 21. f4 Bb7 22. g3 Rc8 23. Nb5 Be4 24. c3 Bd5 25. Nd6 Rc6 26. Kb1 Kf8 27. c4 Bf3 28. Rd3 Be2 29. Rd2 Bf1 30. b4 Ke7 31. c5 Nd7 32. Kb2 f6 33. exf6+ gxf6 34. Rc2 Nb6 35. Nf5+ exf5 36. cxb6 Rxb6 37. Rc7+ Ke6 38. Rxh7 Rd6 39. Kc3 Bb5 40. Rb7 Rd3+ 41. Kc2 Rd5 42.
h4 Ba4+ 43. Kc3 Rd1 44. Kc4 Rc1+ 45. Kd4 Rg1 46. Rb6+ Kf7 47. Rb7+ Kg6 48. Ra7 Bb3 49. b5 Rxg3 50. b6 Be6 51. b7 Rb3 52. a4 Kh5 53.
a5 Bd7 54. a6 Bc6 55. Ra8 Bxb7 56. axb7 Rxb7 57. Rf8 Rb6 58. Ke3 Kxh4 59. Kf3 Rb3+ 60. Ke2 Kg4 61. Rxf6 Kxf4 62. Rg6 Rb2+ 63. Kf1 Rb8 64.
Rg8 Rxg8 65. Kf2 Ra8 0-1

[Event "*** Titled Tuesday Blitz"]
[Site "Chess.com"]
[Date "2021.02.02"]
[Round "2"]
[White "anon219"]
[Black "sorrm8thatscheckm8"]
[Result "1-0"]
[WhiteElo "2906"]
[BlackElo "2574"]
[TimeControl "180+1"]
[EndTime "10:20:59 PST"]
[Termination "anon219 won by resignation"]

1. e4 c5 2. Nf3 Nc6 3. Bb5 e6 4.
O-O Nge7 5. Re1 a6 6. Bf1 d5 7. exd5 Nxd5 8. d4 cxd4 9. Nxd4 Bc5 10. Nxc6 bxc6 11. Nd2 O-O 12. Nc4 a5 13. Ne5 Bb7 14. Qf3 f6 15. Nd3 Bb6 16. Rxe6 Qd7 17. Re1 c5 18. Nf4 Rfe8 19. Rd1 Nxf4 20. Rxd7 Bxf3 21. Bxf4 Bc6 22. Rd6 Bc7 23. Rxc6 Bxf4 24. Rxc5 Be5 25. c3 Rec8 26. Rxc8+ Rxc8 27. a4 Kf7 28. Rd1 Ke6 29. g3 h5 30. Bh3+ f5 31. Bf1 g5 32. Bb5 Rb8 33. Kg2 h4 34. Re1 Kf6 35. Rd1 Ke6 36.
Rd3 hxg3 37. hxg3 g4 38. b4 axb4 39. cxb4 Ke7 40. Rd5 Ke6 41. Rd3 Ke7 42. Rb3 Bd6 43. Kf1 Kf6 44. Ke2 Ke5 45. Kd3 Rd8 46. Kc2 Rc8+ 47. Rc3 Rxc3+ 48. Kxc3 f4 49. gxf4+ Kxf4 50. Be2 Bc7 51. a5 Ke4 52. Bxg4 Kd5 53. Bf3+ Kd6 54.
Kc4 Kd7 55. Bd5 Kc8 56. Kb5 Kb8 57. Ka6 Bf4 58. b5 Kc7 59. f3 Kb8 60. Be4 Be5 61. b6 Bf4 62. Kb5 Be3 63. a6 1-0

[Event "*** Titled Tuesday Blitz"]
[Site "Chess.com"]
[Date "2021.02.02"]
[Round "2"]
[White "benko_008"]
[Black "starplatinum2030"]
[Result "1-0"]
[WhiteElo "2387"]
[BlackElo "2042"]
[TimeControl "180+1"]
[EndTime "10:20:59 PST"]
[Termination "benko_008 won on time"]

1. Nf3 Nf6 2. c4 b6 3. Nc3 Bb7 4. e3 e6 5. Be2 d5 6. O-O Bd6 7.
b3 O-O 8. Bb2 Nbd7 9. Rc1 a6 10.
cxd5 exd5 11. Qc2 c5 12. d4 Rc8 13. Qb1 Qe7 14. Rfd1 cxd4 15. Nxd4 g6 16. g3 Nc5 17.
Bf3 Be5 18. Nce2 Nce4 19. Rxc8 Rxc8 20. Qd3 h5 21. h3 Qd7 22. Bg2 Nc5 23. Qd2 Nfe4 24.
Qe1 a5 25. Nf4 Bxf4 26. gxf4 a4 27. b4 Ne6 28. Nxe6 Qxe6 29. Rc1 Rc4 30. Bf1 b5 31. a3 d4 32. Bxc4 Qxh3 33. Qf1 Qg4+ 34. Qg2 dxe3 35. fxe3 Qxg2+ 36. Kxg2 bxc4 37. Bd4 Nd2+ 38. Kf2 Ba6 39. Rc2 Ne4+ 40. Kf3 Nf6 41. Ke2 Nd5 42.
Kf3 Kf8 43. e4 Ne7 44. Bc5 Ke8 45. Rd2 Nc6 46. Rd6 c3 47. Rxc6 c2 48. Be3 Bb7 49.
Rxc2 f5 50. Kg3 Bxe4 51. Rc5 h4+ 52. Kxh4 Kf7 53. Kg5 Ke6 54. b5 Kd6 55. b6 Kd7 56.
Kxg6 Kd8 57. Kf6 Bb7 58. Ke5 1-0

[Event "*** Titled Tuesday Blitz"]
[Site "Chess.com"]
[Date "2021.02.02"]
[Round "2"]
[White "chegueps"]
[Black "Ladislav1969"]
[Result "1-0"]
[WhiteElo "2533"]
[BlackElo "2310"]
[TimeControl "180+1"]
[EndTime "10:21:01 PST"]
[Termination "chegueps won by checkmate"]

1. e4 c5 2. Nf3 e6 3. d4 cxd4 4.
Nxd4 a6 5. Bd3 Nc6 6. Nxc6 dxc6 7. O-O e5 8. Nd2 Be6 9. a4 Nf6 10. Qe2 Bc5 11. Nc4 Bxc4 12. Bxc4 O-O 13. c3 b5 14. Bb3 Qb6 15. Bg5 Ne8 16. axb5 cxb5 17. Bd5 Ra7 18. Rfd1 Nc7 19. Bb3 Ne6 20. Bh4 Nf4 21.
Qg4 h5 22. Qf3 g6 23. Bg5 Qc7 24. Bh6 Re8 25. Bxf4 exf4 26. e5 Qxe5 27. h3 Kg7 28.
Rd5 Qc7 29. Rad1 Re7 30. Bc2 a5 31. Qd3 a4 32. Bb1 Qb6 33. Qf3 Qf6 34. Rd8 a3 35.
bxa3 Rxa3 36. R8d3 Ra1 37. Bc2 Rxd1+ 38. Bxd1 b4 39.
cxb4 Bxb4 40. Bb3 Re1+ 41. Kh2 Re7 42. Rd5 Bd6 43. Ra5 Bc7 44. Ra4 Bd6 45. Bc2 Bc7 46.
Be4 Bd6 47. Rc4 Be5 48. Rc6 Bd6 49. Qd3 f3+ 50. Rxd6 Qe5+ 51. g3 Qxe4 52. Qxe4 Rxe4 53. Rd3 Re6 54. Rxf3 Rf6 55. Kg2 Rf4 56. Rxf4 g5 57.
Ra4 f6 58. Kf3 Kg6 59. Ke4 g4 60. Kd5 gxh3 61. Rh4 Kg5 62. Rxh3 Kg4 63. Rh4+ Kf3 64.
Rf4+ Kg2 65. Rxf6 h4 66. gxh4 Kh3 67. h5 Kh4 68. h6 Kg5 69. h7 Kxf6 70. h8=Q+ Ke7 71.
Qg7+ Kd8 72. Kd6 Kc8 73. Qc7# 1-0

[Event "*** Titled Tuesday Blitz"]
[Site "Chess.com"]
[Date "2021.02.02"]
[Round "2"]
[White "Zmeeed63"]
[Black "Ziyamammadov"]
[Result "1-0"]
[WhiteElo "2362"]
[BlackElo "1739"]
[TimeControl "180+1"]
[EndTime "10:21:02 PST"]
[Termination "Zmeeed63 won by checkmate"]

1. d4 Nf6 2. c4 d6 3. Nf3 g6 4.
Nc3 Bg7 5. Bg5 O-O 6. e3 Nbd7 7. h3 e5 8. Be2 exd4 9. Nxd4 Re8 10. O-O Ne5 11. Rc1 h6 12. Bh4 g5 13. Bg3 Bd7 14. Qc2 a6 15. Rcd1 Nc6 16. Nf5 Bxf5 17. Qxf5 Qd7 18.
Qc2 Ne5 19. Rd2 Qc6 20. b3 Rad8 21. Rfd1 Ned7 22. Bf3 Qb6 23. Qf5 Qc5 24. Nd5 Nxd5 25. Rxd5 Qb6 26. Qc2 Nf6 27. R5d2 Nd7 28. Bd5 Nc5 29.
Qf5 Ne6 30. Be4 Nc5 31. Qh7+ Kf8 32. Bc2 Qc6 33. h4 Ne4 34. Bxe4 Qxe4 35. Qxe4 Rxe4 36. hxg5 hxg5 37. Rd5 f6 38. c5 Re6 39. cxd6 c6 40. R5d3 Rd7 41. f3 Kf7 42. e4 Bf8 43. Kf2 Bh6 44.
Bh2 g4 45. Bg3 gxf3 46. gxf3 Bg5 47. Rh1 Kg7 48. f4 Bh6 49. Kf3 f5 50. e5 Kf7 51.
Bh4 Bf8 52. Bg5 Bg7 53. Rh7 Kg6 54. Rh3 Bxe5 55. fxe5 Kxg5 56. Rg3+ Kh5 57. Kf4 Kh4 58. Rg8 Rh6 59. Rd1 Kh5 60. Rh1# 1-0

[Event "*** Titled Tuesday Blitz"]
[Site "Chess.com"]
[Date "2021.02.02"]
[Round "2"]
[White "davidkalashian"]
[Black "Genghis_K"]
[Result "0-1"]
[WhiteElo "2584"]
[BlackElo "2927"]
[TimeControl "180+1"]
[EndTime "10:21:03 PST"]
[Termination "Genghis_K won by resignation"]

1. d4 Nf6 2. c4 g6 3. Nc3 Bg7 4.
e4 d6 5. Be2 O-O 6. Bg5 c5 7. d5 e6 8. Nf3 exd5 9. exd5 Bf5 10. O-O Qb6 11. Qd2 Ne4 12. Nxe4 Bxe4 13. Qf4 Bxf3 14.
Bxf3 Nd7 15. Bh6 Bxh6 16. Qxh6 Qxb2 17. Qf4 Qe5 18. Qd2 Qf6 19. Rab1 b6 20. a4 Rfe8 21. a5 Kg7 22. Bg4 Ne5 23. Be2 Rab8 24. f4 Nd7 25. Bg4 Nf8 26. axb6 Rxb6 27. Rxb6 axb6 28. Rb1 Re4 29.
Rxb6 Rxf4 30. Be2 Nd7 31. Rb1 Ne5 32. Rf1 Rxf1+ 33. Bxf1 Qh4 34. Qc3 Qe4 35. h3 h5 36.
Kf2 Qf4+ 37. Kg1 h4 38. Qc2 Qe3+ 39. Qf2 Qg5 40. Qe2 f5 41. Qf2 Kf6 42. Qb2 Qe3+ 43. Kh1 Kg5 44. Qb8 Qe1 45. Kg1 Nxc4 46. Qd8+ Kf4 47.
Qf6 g5 48. Qh6 Nd2 49. Qxd6+ Qe5 50. Qxe5+ Kxe5 51. d6 Kxd6 52. Bd3 Ke5 53. Kf2 Ne4+ 54. Ke3 Nd6 55. Bc2 c4 56. Kf3 Nb5 57. Bb1 Na3 58.
Ke3 Nxb1 0-1

[Event "*** Titled Tuesday Blitz"]
[Site "Chess.com"]
[Date "2021.02.02"]
[Round "2"]
[White "SkippingLaptop"]
[Black "DinaBelenkaya"]
[Result "0-1"]
[WhiteElo "2097"]
[BlackElo "2395"]
[TimeControl "180+1"]
[EndTime "10:21:03 PST"]
[Termination "DinaBelenkaya won by checkmate"]

1. c4 e5 2. g3 Nc6 3. Nc3 Bc5 4. Bg2 d6 5. Nf3 a6 6. d3 Nf6 7. O-O O-O 8. Bg5 h6 9. Bxf6 Qxf6 10. Nd5 Qd8 11. e3 Ba7 12. b4 Ne7 13. Rc1 c6 14. Nxe7+ Qxe7 15. d4 e4 16. Nd2 d5 17. c5 Bd7 18. a4 Bb8 19. Nb1 a5 20. Qd2 Bc7 21. Na3 axb4 22. Qxb4 Ba5 23. Qb3 Rfb8 24. Rc2 b6 25. cxb6 Rxb6 26. Qa2 Bb4 27. Rb1 Rxa4 28. Rb3 Rba6 29. Qb1 Bxa3 30. Rb8+ Kh7 31. f3 Rb4 32. Rxb4 Qxb4 33. Qxb4 Bxb4 34. fxe4 Ra1+ 35. Kf2 Be1+ 36. Ke2 Bg4+ 37. Bf3 Bxf3+ 38. Kxf3 dxe4+ 39. Kxe4 Ra6 40. Ke5 Bb4 41. e4 Kg6 42. d5 f6+ 43.
Kd4 c5+ 44. Kc4 Kf7 45. Kb5 Ra8 46. Kc6 Ke7 47. Re2 Rc8+ 48. Kb7 Rd8 49. Kc6 Rd6+ 50. Kc7 c4 51. e5 Rxd5 52. exf6+ Kxf6 53. Rf2+ Ke5 54. Kc6 Rc5+ 55. Kb6 c3 56. Rc2 Kd4 57. g4 Kd3 58.
Rc1 c2 59. Rxc2 Rxc2 60. h4 Bd2 61. g5 hxg5 62. hxg5 Bxg5 63. Kb5 Bf4 64. Kb6 Rc1 65. Kb7 g5 66. Kb6 g4 67. Kb5 g3 68. Kb4 g2 69. Kb3 g1=Q 70. Kb2 Qf1 71. Kb3 Qd1+ 72. Kb4 Qc2 73. Kb5 Rb1+ 74. Ka6 Qa2# 0-1

[Event "*** Titled Tuesday Blitz"]
[Site "Chess.com"]
[Date "2021.02.02"]
[Round "2"]
[White "TimKett"]
[Black "realmadridtv"]
[Result "1-0"]
[WhiteElo "2188"]
[BlackElo "2401"]
[TimeControl "180+1"]
[EndTime "10:21:05 PST"]
[Termination "TimKett won by checkmate"]

1. e4 e5 2. f4 d5 3. exd5 exf4 4.
Nf3 Nf6 5. Nc3 Bb4 6. Qe2+ Kf8 7.
Qc4 Na6 8. Be2 c6 9. dxc6 Qb6 10. Qxf4 Bg4 11. d4 Bxc3+ 12. bxc3 Re8 13. Be3 Qxc6 14. c4 Qe6 15. Ne5 Bxe2 16. Kxe2 Nh5 17.
Qg4 f6 18. Qxh5 fxe5 19. Rhf1+ Kg8 20. d5 Qd7 21. Rab1 b6 22. c5 g6 23. Qf3 Nxc5 24. Bxc5 bxc5 25. c4 Qg7 26. d6 e4 27.
Qf6 Qxf6 28. Rxf6 Kg7 29. Rf4 Re6 30. Rb7+ Kh6 31. d7 Kg5 32. g3 Rd8 33. h4+ Kh6 34. Ke3 Re7 35. Rxe4 Rexd7 36. Rxd7 Rxd7 37. Re5 Rd6 38. Rxc5 Ra6 39. Rc7 Rxa2 40. Kf4 Ra1 41. g4 Rf1+ 42. Ke5 g5 43. h5 Re1+ 44. Kd6 Rd1+ 45.
Ke6 Rd4 46. c5 Rxg4 47. c6 Re4+ 48. Kd5 Rf4 49. Rxa7 Kxh5 50. c7 Rf5+ 51. Ke6 Rf8 52. Ke7 Rh8 53. Kd7 Kh4 54. c8=Q Rxc8 55. Kxc8 h5 56.
Kd7 g4 57. Ke6 g3 58. Kf5 g2 59. Rg7 Kh3 60. Kf4 h4 61. Kf3 Kh2 62. Rxg2+ Kh3 63. Rg4 Kh2 64. Rxh4+ Kg1 65. Rh6 Kf1 66. Rh1# 1-0

[Event "*** Titled Tuesday Blitz"]
[Site "Chess.com"]
[Date "2021.02.02"]
[Round "2"]
[White "XDPS"]
[Black "strelec64"]
[Result "1-0"]
[WhiteElo "2715"]
[BlackElo "2490"]
[TimeControl "180+1"]
[EndTime "10:21:07 PST"]
[Termination "XDPS won by resignation"]

1. e4 c5 2. Nf3 d6 3. d4 cxd4 4. Nxd4 Nf6 5. Nc3 Nc6 6. Be2 e5 7. Nf3 h6 8. O-O Be7 9. h3 O-O 10. Re1 Be6 11. Bf1 Nb8 12. Nd5 Nxd5 13. exd5 Bf5 14.
c4 Nd7 15. Be3 Bg6 16. b4 e4 17. Nd4 Ne5 18. Qb3 Rc8 19. Rac1 Bf6 20. c5 Nd3 21.
Bxd3 exd3 22. Red1 Bg5 23. Bxg5 Qxg5 24. Nb5 dxc5 25.
bxc5 Be4 26. g3 Qf5 27. Nd6 Qxd5 28. Qxd5 Bxd5 29. Nxc8 Rxc8 30. Rxd3 Bxa2 31. Ra3 Bd5 32. Rxa7 Bc6 33. Ra3 Rd8 34. Re3 g6 35. h4 h5 36.
Ree1 Rd2 37. Red1 Ra2 38. Rc3 Kg7 39. Re1 Rb2 40. Rcc1 Ra2 41. Re7 Rb2 42. Rc7 Ra2 43. Re1 Rc2 44. Rce7 Rxc5 45. R7e3 Rc2 46. f3 Rb2 47.
R1e2 Rb1+ 48. Kf2 Rb4 49. Rc2 Rd4 50. Rce2 Rd6 51. Rc3 Rd4 52. Ke3 Rd6 53. Rd2 Rf6 54. Kf2 Rf5 55. Re3 Rf6 56. Rd4 Rf5 57. Rc3 Re5 58.
g4 Ra5 59. Kg3 hxg4 60. fxg4 Re5 61. Rf4 Re6 62. Rd3 Re1 63. Kf2 Re5 64. Re3 Rxe3 65. Kxe3 f6 66. Rb4 Kh6 67. Rd4 f5 68. g5+ Kh5 69. Kf2 Be4 70. Kg3 Bc6 71. Rd8 1-0